 Dungeon Crawl Stone Soup version 0.19.0 (webtiles) character file.

42 Softman25 the Charlatan (level 3, 0/28 HPs)
             Began as a Minotaur Artificer on Nov 15, 2016.
             Slain by Robin
             ... wielding a +0 short sword
              (2 damage)
             ... on level 2 of the Dungeon.
             The game lasted 00:01:36 (1505 turns).

Softman25 the Charlatan (Minotaur Artificer)        Turns: 1505, Time: 00:01:37

Health: 0/28       AC:  4    Str: 13 (16) XL:     3   Next: 33%
Magic:  4/4        EV: 12    Int:  6 (8)  God:
Gold:   25         SH:  0    Dex: 10 (11) Spells: 0 memorised, 2 levels left

rFire  + . .     SeeInvis .     r - +0 flail
rCold  . . .     Gourm    .     b - +0 leather armour
rNeg   . . .     Faith    .     (no shield)
rPois  .         Spirit   .     (helmet restricted)
rElec  .         Reflect  .     a - +0 cloak
rCorr  .         Harm     .     (no gloves)
MR     .....                    (no boots)
Stlth  +.........               (no amulet)
                                (no ring)
                                m - ring of protection from fire

@: no status effects
A: retaliatory headbutt, horns 2
a: no special abilities


You were on level 2 of the Dungeon.
You were not hungry.

You visited 1 branch of the dungeon, and saw 2 of its levels.

You collected 25 gold pieces.

Inventory:

Hand Weapons
 r - a +0 flail (weapon)
Armour
 a - a +0 cloak (worn)
 b - a +0 leather armour (worn)
Jewellery
 m - a ring of protection from fire (left hand)
 p - an uncursed ring of wizardry {unknown}
Wands
 c - a wand of flame (15/48)
 d - a wand of enslavement (15/24)
 e - a wand of random effects (15/48)
Scrolls
 g - a scroll of fog {unknown}
 h - 2 scrolls of recharging {unknown}
 i - a scroll of enchant armour {unknown}
 j - a scroll of identify {unknown}
 l - a scroll of teleportation {unknown}
 o - a scroll of fear {unknown}
 s - a scroll of blinking {unknown}
Comestibles
 f - 2 bread rations
 k - 2 beef jerkies
 q - a meat ration


   Skills:
 - Level 1.2 Fighting
   Level 1.1 Short Blades
 * Level 1.7 Maces & Flails
 - Level 2.1 Dodging
 - Level 0.7 Stealth
 + Level 3.6 Evocations


You had 2 spell levels left.
You didn't know any spells.

Dungeon Overview and Level Annotations

Branches:
Dungeon (2/15)

Altars:

Annotations:
D:2 Robin


Innate Abilities, Weirdness & Mutations

You reflexively headbutt those who attack you in melee.
You have a pair of horns on your head.


Message History

Robin is heavily wounded.
Robin throws the goblin at you! The goblin closely misses you.
Robin hits you with a short sword.
You closely miss Robin.
Robin is heavily wounded.
The goblin closely misses you. Robin throws the goblin at you!
The goblin hits you with a short sword!
* * * LOW HITPOINT WARNING * * *
You hit Robin.
Robin is severely wounded.
The goblin unwields an uncursed hunting sling.
The goblin wields an uncursed dagger.
The goblin hits you with an uncursed dagger.
* * * LOW HITPOINT WARNING * * *
Robin closely misses you. The goblin closely misses you.
It was a potion of degeneration.
There was something very wrong with that liquid.
You feel weakened.
You feel dopey.
You feel clumsy. Robin hits you with a short sword.
You die...

#..##.......###....#
#..###.#####.#.###.########
#..# ### ####.####.##......
#..######.# #.........####.
#........# ######.#### #.
#......####.##
######.#######. ..###...
#.## #.....#......... #...
##.###g####.#.#######.
#...###..#@g.....).# #.).
.........g####.###.# #.#.
##..###...## ##.# #<## ...
#....gg..# #.####)##
#.....###g# #........
#.....# #.#####.## .....g.g
#.# ..#....... #.#
.$.#......g. ..#


You could see Robin and 2 goblins.

Vanquished Creatures
  An adder (D:2)
  A dart slug (D:2)
  3 bats (D:1)
  10 goblins
  3 hobgoblins
  2 jackals (D:1)
  2 frilled lizards (D:1)
  5 kobolds
27 creatures vanquished.

Notes
Turn   | Place    | Note
-------+----------+-------------------------------------------
     0 | D:1      | Softman25 the Minotaur Artificer began the quest for the Orb.
     0 | D:1      | Reached XP level 1. HP: 16/16 MP: 1/1
   192 | D:1      | Reached skill level 3 in Evocations
   589 | D:1      | Reached XP level 2. HP: 16/23 MP: 3/3
  1453 | D:2      | Reached skill level 1 in Maces & Flails
  1484 | D:2      | Reached XP level 3. HP: 23/28 MP: 4/4
  1493 | D:2      | Noticed Robin
  1504 | D:2      | HP: 1/28 [goblin/uncursed dagger[Robin] (2)]
  1505 | D:2      | Slain by Robin

Skill      XL: |  1  2 |
---------------+-------+-----
Evocations     | 3 |  3.6
Maces & Flails | 1 |  1.7
Fighting       | |  1.2
Short Blades   | |  1.1
Dodging        | |  2.1
Stealth        | |  0.7

Action                   || total
-------------------------++-------
Melee: Short sword       ||    43
       Headbutt          ||    10
       Flail             ||    22
  Use: Potion            ||     1
  Eat: Chunk             ||     2
Armor: Leather armour    ||    15
Dodge: Dodged            ||    47
